 Dungeon Crawl Stone Soup version 0.29-a0-341-g24ffce5b50 (webtiles) character file.

Game seed: 17507174120506899098

4092 dlvbn the Covert (level 10, -3/66 HPs)
             Began as a Spriggan Enchanter on Apr 20, 2022.
             Was an Initiate of Dithmenos.
             Slain by Gastronok (17 damage)
             ... on level 8 of the Dungeon.
             The game lasted 00:27:53 (11135 turns).

dlvbn the Covert (Spriggan Enchanter)              Turns: 11135, Time: 00:27:53

Health: -3/66      AC:  8    Str: 15    XL:     10   Next: 5%
Magic:  24/25      EV: 18    Int: 21    God:    Dithmenos [......]
Gold:   508        SH:  0    Dex: 20    Spells: 18/30 levels left

rFire   . . .      SeeInvis +   v - +5 dagger of Duwipext {vorpal, Str+7 Int+4 Dex+4}
rCold   . . .      Faith    .   (no shield)
rNeg    . . .      Spirit   .   b - +0 robe
rPois   .          Reflect  .   (helmet restricted)
rElec   .          Harm     .   z - +1 cloak
rCorr   .          Rampage  .   (gloves unavailable)
Will    +....                   (boots unavailable)
Stlth   ..........              (no amulet)
HPRegen 0.21/turn               q - +4 ring of protection
MPRegen 0.19/turn               s - ring of flight

@: berserking (expiring), flying, hasted, very quick
A: very small, no large weapons, unfitting armour, see invisible, speed 3,
MP-powered wands, sturdy frame 1
a: Renounce Religion


You were on level 8 of the Dungeon.
You worshipped Dithmenos.
Dithmenos was noncommittal.
You visited 2 branches of the dungeon, and saw 9 of its levels.
You also visited: Sewer and Ossuary.

You collected 508 gold pieces.

Inventory:

Hand Weapons
 a - a +1 dagger of flaming
 o - a +1 dagger of speed
 v - the +5 dagger of Duwipext (weapon) {vorpal, Str+7 Int+4 Dex+4}
   (You found it on level 5 of the Dungeon)

   It inflicts extra damage upon your enemies.
   Str:       It affects your strength (+7).
   Int:       It affects your intelligence (+4).
   Dex:       It affects your dexterity (+4).
 x - a +2 rapier of protection
Missiles
 f - 37 poisoned darts (quivered)
Armour
 b - a +0 robe (worn)
 z - a +1 cloak (worn)
Jewellery
 q - a +4 ring of protection (left hand)
 s - a ring of flight (right hand)
Wands
 e - a wand of acid (12)
 i - a wand of flame (17)
 p - a wand of iceblast (7)
 y - a wand of paralysis (12)
Scrolls
 r - 2 scrolls of fog
 w - a scroll of immolation
 C - a scroll of amnesia
Potions
 c - 2 potions of invisibility
 d - 4 potions of cancellation
 g - 3 potions of flight
 h - 4 potions of magic
 j - a potion of heal wounds
 k - a potion of haste
 m - 5 potions of curing
 n - 2 potions of brilliance
 t - a potion of mutation
 u - 3 potions of lignification
 B - a potion of resistance {unknown}


   Skills:
 - Level 1.1 Short Blades
 - Level 2.6 Dodging
 + Level 12.7 Stealth
 + Level 10.7 Spellcasting
 + Level 11.1 Hexes


You had 18 spell levels left.
You knew the following spells:

 Your Spells              Type           Power      Damage    Failure   Level
a - Ensorcelled Hibernat  Hex/Ice        68%        N/A       1%          2
b - Tukima's Dance        Hex            55%        N/A       1%          3
c - Dazzling Flash        Conj/Hex       68%        N/A       1%          3
d - Confusing Touch       Hex            55%        N/A       1%          3
e - Apportation           Tloc           22%        N/A       6%          1

Your spell library contained the following spells:

 Spells                   Type           Power      Damage    Failure   Level
 Portal Projectile        Hex/Tloc       68%        N/A       1%          3
 Beastly Appendage        Tmut           22%        N/A       6%          1
 Sting                    Tmut/Pois      44%        1d5       6%          1
 Poisonous Vapours        Pois/Air       22%        N/A       9%          2
 Wereblood                Tmut           11%        N/A       9%          2
 Spider Form              Tmut/Pois      11%        N/A       19%         3
 Olgreb's Toxic Radiance  Pois           11%        N/A       52%         4
 Malign Gateway           Summ/Tloc      5%         N/A       100%        7
 Disjunction              Tloc           5%         N/A       100%        8


Dungeon Overview and Level Annotations

Branches:
Dungeon (8/15)             Temple (1/1) D:7           Sewer (visited)
Ossuary (visited)
   Lair: D:8-11

Altars:
Ashenzari
Cheibriados
Dithmenos
Elyvilon
Fedhas
Gozag
Hepliaklqana
Kikubaaqudgha
Makhleb
Okawaru
Qazlal
Ru
Sif Muna
Trog
Uskayaw
Vehumet
Wu Jian
Xom
Yredelemnul
Zin
The Shining One

Annotations:
D:8 Gastronok


Innate Abilities, Weirdness & Mutations

You are very small and have problems with some larger weapons.
You are too small for most types of armour.
You have supernaturally acute eyesight. (SInv)
You cover ground extremely quickly. (Speed+++)
You expend magic power (3 MP) to strengthen your wands.
Your movements are slightly less encumbered by armour. (ER -2)


Message History

Confirm with . or Enter, or press ? or * to list all spells.
Your hands begin to glow red.
Gastronok waves his eye-stalks in wide circles.
The air twists around and strikes you!!
Ouch! That really hurt!
* * * LOW HITPOINT WARNING * * *
You feel as though your hastened speed will last longer.
Unknown command.
A red film seems to cover your vision as you go berserk!
You feel yourself moving faster!
You feel mighty!
You are too injured to fight recklessly!
You are too injured to fight recklessly!
You are too injured to fight recklessly!
You are too injured to fight recklessly!
You are too injured to fight recklessly!
You hit Gastronok but do no damage. Gastronok bites you!
* * * LOW HITPOINT WARNING * * *
You hit Gastronok but do no damage. You hit Gastronok but do no damage.
You hit Gastronok but do no damage. You hit Gastronok but do no damage.
Gastronok bites you.
* * * LOW HITPOINT WARNING * * *
You hit Gastronok but do no damage. You hit Gastronok but do no damage.
Gastronok casts a spell at you. You resist with significant effort.
You hit Gastronok but do no damage. You hit Gastronok but do no damage.
Unknown command.
Unknown command.
You hit Gastronok but do no damage. You hit Gastronok but do no damage.
Gastronok mumbles some strange words.
Gastronok puts on a burst of speed!
You hit Gastronok but do no damage. You hit Gastronok but do no damage.
Gastronok appears confused.
You puncture Gastronok!
Gastronok is lightly wounded.
Gastronok bites you!
You die...

###### #....# #### #....#
#.. #....# #.#######
#....####.#....<#.
#.........@w..$...
#.........#.......
#.....############
##........# ####
#....###.# #... #....#
#.####### #...
#.(..###)......########...
#...>...†...............[.
#.......#......########...


You could see Gastronok (swift, confused).

Vanquished Creatures
  A gargoyle (D:8)
  Maggie (D:6)
  Eustachio (D:6)
  2 steam dragons (D:8)
  Duvessa (D:6)
  4 water moccasins
  A sky beast (D:8)
  2 ice beasts
  2 ogres
  5 kobold brigands (Sewer)
  3 phantoms
  3 bullfrogs
  A necrophage (D:6)
  5 scorpions
  Dowan (D:6)
  2 howler monkeys
  4 jellies
  2 orc priests (D:3)
  Crazy Yiuf (D:7)
  2 hounds
  Ijyb (D:3)
  Terence (D:2)
  3 iguanas
  3 orc wizards
  3 mummies (Ossuary)
  A gnoll (D:4)
  2 river rats (Sewer)
  8 adders
  4 shadow imps
  2 white imps
  An ufetubus (D:3)
  5 adder zombies (Ossuary)
  6 worms
  2 dart slugs
  20 orcs
  12 ball pythons
  6 bats
  6 endoplasms
  3 giant cockroaches
  10 goblins
  11 hobgoblins
  15 jackals
  A quokka (D:1)
  2 frilled lizards (D:1)
  A goblin zombie (Ossuary)
  2 hobgoblin zombies (Ossuary)
  14 kobolds
  3 kobold zombies (Ossuary)
  5 quokka zombies (Ossuary)
  6 rats
  2 rat zombies (Ossuary)
205 creatures vanquished.

Vanquished Creatures (collateral kills)
  A kobold brigand (Sewer)
  2 gnolls (D:4)
  An orc (D:8)
4 creatures vanquished.

Vanquished Creatures (others)
  An angel (D:7)
  A dancing weapon (D:2)
  A fungus (D:7)
3 creatures vanquished.

Grand Total: 212 creatures vanquished

Notes
Turn   | Place    | Note
-------+----------+-------------------------------------------
     0 | D:1      | dlvbn the Spriggan Enchanter began the quest for the Orb.
     0 | D:1      | Reached XP level 1. HP: 9/9 MP: 5/5
   452 | D:1      | Found a faded altar of an unknown god.
   515 | D:1      | Reached XP level 2. HP: 13/13 MP: 7/7
   518 | D:1      | Learned a level 2 spell: Ensorcelled Hibernation
   968 | D:1      | Reached XP level 3. HP: 4/16 MP: 6/9
   972 | D:1      | Learned a level 3 spell: Tukima's Dance
   976 | D:1      | Learned a level 3 spell: Confusing Touch
  1776 | D:2      | Identified the +5 ring mail "Wigh" {Int+6 Slay+2}
  2063 | D:2      | Noticed Terence
  2093 | D:2      | Killed Terence
  2094 | D:2      | Reached skill level 5 in Hexes
  2094 | D:2      | Reached XP level 4. HP: 20/21 MP: 2/11
  2779 | D:3      | Found a glowing drain.
  2805 | Sewer    | Entered a sewer
  2848 | Sewer    | Noticed a kobold brigand
  2881 | Sewer    | Killed a kobold brigand
  2882 | Sewer    | Reached skill level 5 in Spellcasting
  2882 | Sewer    | Reached XP level 5. HP: 17/24 MP: 2/13
  2886 | Sewer    | Learned a level 3 spell: Dazzling Flash
  3171 | Sewer    | Reached skill level 5 in Stealth
  3315 | Sewer    | Reached XP level 6. HP: 12/28 MP: 3/15
  3848 | Sewer    | Reached skill level 6 in Stealth
  4203 | Sewer    | Reached XP level 7. HP: 27/32 MP: 11/17
  4709 | D:3      | Found a broken altar of Ashenzari.
  5299 | D:3      | Reached skill level 7 in Stealth
  5477 | D:3      | Noticed Ijyb
  5489 | D:3      | Killed Ijyb
  6155 | D:4      | Gained mutation: Your muscles are strong. (Str +2) [potion
                  | of mutation]
  6155 | D:4      | Gained mutation: You sometimes lose the ability to read
                  | scrolls when taking damage. [potion of mutation]
  6156 | D:4      | Lost mutation: You sometimes lose the ability to read
                  | scrolls when taking damage. [potion of mutation]
  6156 | D:4      | Lost mutation: Your muscles are strong. (Str +2) [potion of
                  | mutation]
  6156 | D:4      | Gained mutation: You expend magic power (3 MP) to
                  | strengthen your wands. [potion of mutation]
  6156 | D:4      | Gained mutation: Your movements are slightly less
                  | encumbered by armour. (ER -2) [potion of mutation]
  6389 | D:4      | Reached skill level 8 in Stealth
  6406 | D:4      | Reached XP level 8. HP: 36/36 MP: 20/20
  7207 | D:5      | Entered Level 5 of the Dungeon
  7653 | D:5      | Identified the +5 dagger of Duwipext {vorpal, Str+7 Int+4
                  | Dex+4}
  7740 | D:5      | Reached skill level 9 in Stealth
  8232 | D:6      | Noticed Duvessa
  8232 | D:6      | Noticed Dowan
  8235 | D:6      | Killed Duvessa
  8236 | D:6      | Reached skill level 10 in Stealth
  8271 | D:6      | Killed Dowan
  8395 | D:6      | Got the Catalogue of the Shrike
  8406 | D:6      | Reached XP level 9. HP: 39/39 MP: 19/22
  8428 | D:6      | Learned a level 1 spell: Apportation
  8473 | D:6      | Noticed Maggie
  8484 | D:6      | Killed Maggie
  8485 | D:6      | Reached skill level 11 in Stealth
  9011 | D:6      | Noticed Eustachio
  9017 | D:6      | Killed Eustachio
  9018 | D:6      | Reached skill level 10 in Hexes
  9327 | D:7      | Found a shimmering altar of Xom.
  9333 | D:7      | Found a glowing silver altar of Zin.
  9333 | D:7      | Noticed an angel
  9368 | D:7      | Found a staircase to the Ecumenical Temple.
  9509 | D:7      | Found a sand-covered staircase.
  9516 | Ossuary  | Entered an ossuary
  9842 | D:7      | Reached skill level 10 in Spellcasting
  9912 | D:7      | Killed an angel
 10082 | D:7      | Found a bloodstained altar of Trog.
 10088 | D:7      | Found an iron altar of Okawaru.
 10091 | D:7      | Found a stormy altar of Qazlal.
 10091 | D:7      | Found a burning altar of Makhleb.
 10094 | D:7      | Reached skill level 12 in Stealth
 10098 | D:7      | Found a snail-covered altar of Cheibriados.
 10237 | D:7      | Found a runed translucent door.
 10238 | D:7      | Noticed Crazy Yiuf
 10458 | D:7      | Killed Crazy Yiuf
 10519 | Temple   | Entered the Ecumenical Temple
 10584 | Temple   | Became a worshipper of Dithmenos the Shadowed
 10917 | D:8      | Noticed a gargoyle
 10922 | D:8      | Killed a gargoyle
 10954 | D:8      | Reached XP level 10. HP: 43/44 MP: 18/25
 11109 | D:8      | Noticed Gastronok
 11135 | D:8      | Slain by Gastronok

Illustrated notes

Levels and vault maps discovered:
D:1:      saegor_arrival_miasma, layout_loops_ring,
          shapermc_ecumenical_altar_ellora
D:2:      layout_rooms, minmay_misc_feat_rugged, minmay_tall_x, uniq_terence
D:3:      layout_basic, evilmike_ruin_ashenzari, cheibrodos_sewer_entry_sluice,
          minmay_cut_off, uniq_ijyb
D:4:      layout_layer_cave, minmay_fractal_squares_diagonal_5
D:5:      layout_loops_cross
D:6:      layout_loops_ring, uniq_maggie, uniq_eustachio, uniq_duvessa
D:7:      layout_loops_ring, grunt_temple_overflow_order_and_chaos_1,
          nicolae_overflow_hallway_of_the_gods, minmay_temple_entry_sparse_star,
          enter_ossuary_1, uniq_crazy_yiuf_cottage
D:8:      layout_basic, grunt_decor_clamped, uniq_gastronok
Temple:   cyrus_circular_temple

Skill      XL: |  1  2  3  4  5  6  7  8  9 |
---------------+----------------------------+-----
Spellcasting   | 3 4 5 6 7 8 10 | 10.7
Hexes          | 4 5 6 7 9 11 | 11.1
Stealth        | 5 6 8 10 12 | 12.7
Short Blades   | |  1.1
Dodging        | |  2.6

Action                   |  1- 3 |  4- 6 |  7- 9 | 10-12 || total
-------------------------+-------+-------+-------+-------++-------
Melee: Dagger            |   135 |   123 |   378 |    18 ||   654
       Punch             |     3 |     2 |     5 |       ||    10
Throw: Dart              |       |     4 |       |       ||     4
 Cast: Ensorcelled Hiber |    19 |    31 |    56 |     1 ||   107
       Tukima's Dance    |     1 |     1 |    11 |       ||    13
       Confusing Touch   |       |     4 |     8 |     1 ||    13
  Use: Scroll            |     2 |       |    17 |       ||    19
       Potion            |       |     2 |     4 |     3 ||     9
 Stab: Sleeping          |    15 |    20 |    68 |     2 ||   105
       Confused          |       |     4 |     9 |       ||    13
       Invisible         |       |       |     3 |       ||     3
       Distracted        |       |       |     2 |       ||     2
Armor: Robe              |    20 |     8 |    40 |       ||    68
Dodge: Dodged            |   145 |   122 |   233 |       ||   500

Table legend: (Time is in decaauts)
 A = Elapsed time spent in this place.
 B = Non-inter-level travel time spent in this place.
 C = Inter-level travel time spent in this place.
 D = Time resting spent in this place.
 E = Time spent auto-exploring this place.
 F = Levels seen in this place.
 G = Mean time per level.
                   A        B        C        D        E       F      G
               +--------+--------+--------+--------+--------+-----+--------+
         Total |   9089 |   8919 |    170 |   1364 |   5910 |  11 |  826.3 |
       Dungeon |   6958 |   6797 |    161 |   1149 |   4456 |   8 |  869.8 |
        Temple |     48 |     39 |      9 |      0 |     18 |   1 |   48.0 |
         Sewer |   1814 |   1814 |      0 |    214 |   1273 |   1 | 1814.0 |
       Ossuary |    268 |    268 |      0 |      0 |    162 |   1 |  268.0 |
               +--------+--------+--------+--------+--------+-----+--------+

Top non-repeatable levels by time:
   Sewer: 1814 daAuts
     D:1: 1326 daAuts
     D:4: 1281 daAuts
     D:6: 1141 daAuts
     D:2: 998 daAuts
     D:7: 752 daAuts
     D:3: 691 daAuts
     D:5: 423 daAuts
     D:8: 342 daAuts
 Ossuary: 268 daAuts
  Temple: 48 daAuts
